 Dungeon Crawl Stone Soup version 0.18-a0-1577-gf591c28 (webtiles) character file.

45 namelastname112 the Charmwright (level 3, 0/30 HPs)
             Began as a Draconian Skald on Mar 19, 2016.
             Slain by Empheia's ghost (9 damage)
             ... on level 3 of the Dungeon.
             The game lasted 00:02:23 (1424 turns).

namelastname112 the Charmwright (Draconian Skald)   Turns: 1424, Time: 00:02:23

Health: 0/30       AC:  5    Str: 14    XL:     3   Next: 42%
Magic:  6/6        EV:  7    Int: 12    God:
Gold:   161        SH:  0    Dex: 11    Spells: 2 memorised, 2 levels left

rFire  . . .     SeeInvis .     k - +1 dagger (elec)
rCold  . . .     Gourm    .     (armour unavailable)
rNeg   . . .     Faith    .     (no shield)
rPois  .         Spirit   .     (helmet restricted)
rElec  .         Dismiss  .     (no cloak)
rCorr  .         Reflect  .     (no gloves)
SustAt +         Harm     .     (no boots)
MR     .....                    (no amulet)
Stlth  ..........               o - ring of sustain attributes
                                m - ring of loudness (curse)

@: not resistant to hostile enchantments, extremely unstealthy
A: unfitting armour, cold-blooded, AC +5
a: no special abilities


You were on level 3 of the Dungeon.
You were hungry.

You visited 1 branch of the dungeon, and saw 3 of its levels.

You collected 161 gold pieces.

Inventory:

Hand Weapons
 k - a +1 dagger of electrocution (weapon)
Missiles
 d - 7 needles of paralysis
Jewellery
 m - a cursed ring of loudness (left hand)
 o - a ring of sustain attributes (right hand)
Scrolls
 a - a scroll of amnesia {unknown}
 e - 3 scrolls of blinking {unknown}
 h - a scroll of random uselessness {unknown}
 j - a scroll of immolation {unknown}
 l - a scroll of enchant weapon {unknown}
 n - a scroll of magic mapping {unknown}
 p - 2 scrolls of identify {unknown}
Potions
 g - a potion of heal wounds {unknown}
 i - a potion of degeneration {unknown}
Books
 b - a book of Battle

   Spells                             Type                      Level
   a - Infusion                       Charms                       1
   b - Shroud of Golubria             Charms/Translocation         2
   c - Song of Slaying                Charms                       2
   d - Spectral Weapon                Hexes/Charms                 3
   e - Regeneration                   Charms/Necromancy            3
Comestibles
 c - 2 bread rations
 f - a meat ration
 q - 2 fruits


   Skills:
 + Level 2.3 Fighting
 * Level 2.6 Short Blades
 + Level 1.8 Dodging
 * Level 1.2 Stealth
 + Level 2.3 Spellcasting
 + Level 2.8 Charms


You had 2 spell levels left.
You knew the following spells:

 Your Spells              Type           Power        Failure   Level  Hunger
a - Infusion              Chrm           #...         12%         1    ##.....
b - Spectral Weapon       Hex/Chrm       #.......     43%         3    ####...


Dungeon Overview and Level Annotations

Branches:
Dungeon (3/15)

Altars:

Annotations:
D:3 Empheia's ghost, amateur FoFi


Innate Abilities, Weirdness & Mutations

Your plain brown scales are hard (AC +5).
Your body does not fit into most forms of armour.
You are cold-blooded and may be slowed by cold attacks.


Message History

Found a stone staircase leading up.
A hobgoblin comes into view. It is wielding a club.
The hobgoblin shouts!
An orc priest and an orc wizard come into view.
The orc priest shouts!
The orc wizard shouts!
A giant cockroach comes into view.
The orc wizard casts a spell at you. The puff of frost hits you!
Empheia's ghost hits you.
The orc priest calls down the wrath of Beogh upon you.
Beogh smites you!
* * * LOW HITPOINT WARNING * * *
An orc priest comes into view. It is wielding a dagger.
Empheia's ghost hits you but does no damage.
The orc priest casts a cantrip, but nothing happens.
An orc comes into view. It is wielding a falchion.
The orc wizard miscasts a cantrip.
The giant cockroach bites you but does no damage.
There is a stone staircase leading up here.
Empheia's ghost hits you!
You die...

###### #^...
##...## #
######.....##.####
....#....s@.......
#.......W...####
.###...........#
..g.oo....######
#o#o#....# #
##...# ##..# ##.#
###


You could see an orc priest, an orc wizard, Empheia's ghost, an orc and a giant
cockroach.

Vanquished Creatures
  A dart slug (D:2)
  A giant gecko (D:1)
  A giant cockroach (D:1)
  5 goblins
  7 hobgoblins
  4 jackals (D:2)
  5 kobolds
  8 bats
  2 giant newts (D:1)
  4 rats
38 creatures vanquished.

Vanquished Creatures (others)
  4 toadstools (D:1)
4 creatures vanquished.

Grand Total: 42 creatures vanquished

Notes
Turn   | Place    | Note
--------------------------------------------------------------
     0 | D:1      | namelastname112 the Draconian Skald began the quest for the Orb.
     0 | D:1      | Reached XP level 1. HP: 17/17 MP: 3/3
   318 | D:1      | Reached XP level 2. HP: 19/24 MP: 5/5
   932 | D:2      | Reached XP level 3. HP: 12/29 MP: 6/6
  1177 | D:2      | Reached skill level 1 in Stealth
  1291 | D:2      | Learned a level 3 spell: Spectral Weapon
  1418 | D:3      | Noticed Empheia's ghost (amateur FoFi)
  1424 | D:3      | Slain by Empheia's ghost

Vault maps used:
D:1:      ldierk_water_garden, grunt_decor_mini_mirrors
D:3:      grunt_temple_overflow_octagram, ecumenical_altar_2, first_bread,
          portal_sewer_entry_a, st_stairs_1, kennysheep_minor_cross, tgw_xom,
          uniq_jessica, uniq_grinder

Skill      XL: |  1  2  3 |
---------------+----------+-----
Stealth        | 1 |  1.2
Fighting       | |  2.3
Short Blades   | |  2.6
Dodging        | |  1.8
Spellcasting   | |  2.3
Charms         | |  2.8

Action                   || total
-------------------------++-------
Melee: Short sword       ||    83
       Dagger            ||    55
 Cast: Infusion          ||     1
 Stab: Sleeping          ||     1
  Eat: Chunk             ||     1
